 Dungeon Sprint DCSS version 0.20-a0-1121-gbb42413 (webtiles) character file.

1014 potatolord6000 the Protected (level 8, -6/82 HPs)
             Began as a Deep Dwarf Fighter on May 10, 2017.
             Was an Initiate of Gozag.
             Mangled by a deep troll (18 damage)
             ... in the Dungeon (Sprint I: "Red Sonja").
             The game lasted 00:04:42 (268 turns).

potatolord6000 the Protected (Deep Dwarf Fighter)    Turns: 268, Time: 00:04:43

Health: -6/82      AC:  8    Str: 22    XL:     8   Next: 1%
Magic:  7/7        EV: 16    Int: 13    God:    Gozag
Gold:   168        SH:  0    Dex: 13    Spells: 7/7 levels left

rFire    . . .     SeeInvis .   a - +0 war axe
rCold    . . .     Gourm    .   (no shield)
rNeg     . . .     Faith    .   c - +0 ring mail
rPois    .         Spirit   .   (no helmet)
rElec    .         Reflect  .   (no cloak)
rCorr    .         Harm     .   d - +0 pair of gloves
MR       +....     NoTele   +   (no boots)
Stlth    +.........             (no amulet)
Regen    0.0/turn               (no ring)
MPRegen  0.1/turn               (no ring)

@: brilliant, non-regenerating, hasted, very quick
A: damage resistance, heal wounds, sense surroundings 1, no regeneration
a: Heal Wounds, Potion Petition, Call Merchant, Bribe Branch, Renounce Religion


You were in the Dungeon.
You worshipped Gozag.
Gozag was aware of your devotion.
You were not hungry.

You visited 1 branch You collected 476 gold pieces.
You paid 308 gold pieces to Gozag.

Inventory:

Hand Weapons
 a - a +0 war axe (weapon)
Armour
 c - a +0 ring mail (worn)
 d - a +0 pair of gloves (worn)
Scrolls
 k - a scroll of blinking
Potions
 b - a potion of brilliance {unknown}
 i - 2 potions of magic
Comestibles
 f - a bread ration


   Skills:
 + Level 8.5 Fighting
 + Level 9.8 Axes
 + Level 10.2 Armour
 + Level 9.6 Dodging
   Level 3.2 Shields


You had 7 spell levels left.
You didn't know any spells.

Dungeon Overview and Level Annotations

Branches:
Dungeon (1/1)

Altars:
Cheibriados
Dithmenos
Elyvilon
Fedhas
Gozag
Hepliaklqana
Kikubaaqudgha
Nemelex Xobeh
Okawaru
Qazlal
Ru
Sif Muna
Trog
Uskayaw
Vehumet
Wu Jian
Yredelemnul
Zin
The Shining One

Shops:
D (


Innate Abilities, Weirdness & Mutations

You are resistant to damage.
You can heal yourself by infusing magical energy.
You passively map a small area around you.
You do not regenerate.


Message History

[a] - 435 gold - haste and heal wounds [b] - 308 gold - haste and brilliance [c] - 375 gold - flight, agility and invisibility Purchase which effect? [a] - 435 gold - haste and heal wounds [b] - 308 gold - haste and brilliance [c] - 375 gold - flight, agility and invisibility Purchase which effect?
You no longer have enough gold to petition Gozag for potion effects.
You feel yourself speed up.
You feel clever all of a sudden. The deep troll closely misses you.
The deep troll claws you but does no damage.
The deep troll claws you!
* * * LOW HITPOINT WARNING * * *
You closely miss the deep troll.
The deep troll is severely wounded.
The deep troll bites you!!
You die...
Your body crumbles into a pile of gold.

#..#####'#####'# _
* * $
#..####..#...#.#*
*, * $
#..#__####..##.#≈
$$ #..#_____##)#_.+
,+ ,
#⌠⌠#_.∩...†.(._# ≈
$$
####_..__##_.#'#*+*
$$#_____###(#(#,$ ,
,+$
#########.####+###,
$
.......+...'@T.$$+
,
*++++####..(#######
$ $$ ,, ##.## , ,
$$ ,, *$#+#$ $ $$ ,
$ $ $ ++ * $ $$ $
$,$ , , , * $ * * *
* ,, , ,,, * , , $
,$


You could see a deep troll.

Vanquished Creatures
  Sonja (D)
  A yak (D)
  Sigmund (D)
  An ogre (D)
  A jelly (D)
  Ijyb (D)
6 creatures vanquished.

Notes
Turn   | Place    | Note
-------+----------+-------------------------------------------
     0 | D        | potatolord6000 the Deep Dwarf Fighter began the quest for the Orb.
     0 | D        | Reached XP level 1. HP: 20/20 MP: 1/1
    14 | D        | Noticed Ijyb
    30 | D        | Killed Ijyb
    30 | D        | Reached skill level 4 in Armour
    30 | D        | Reached XP level 2. HP: 30/30 MP: 2/2
    47 | D        | Noticed an ogre
    52 | D        | Killed an ogre
    52 | D        | Reached skill level 5 in Axes
    52 | D        | Reached skill level 6 in Armour
    52 | D        | Reached XP level 3. HP: 27/38 MP: 3/3
    52 | D        | Reached XP level 4. HP: 32/45 MP: 4/4
    66 | D        | Noticed Sigmund
    75 | D        | Killed Sigmund
    75 | D        | Reached skill level 7 in Armour
    75 | D        | Reached XP level 5. HP: 34/55 MP: 5/5
    75 | D        | Reached XP level 6. HP: 38/62 MP: 6/6
    92 | D        | Found an ornate altar of the Wu Jian Council.
    92 | D        | Found a deep blue altar of Sif Muna.
    94 | D        | Found a radiant altar of Vehumet.
   101 | D        | Found Ygump's Weapon Emporium.
   101 | D        | Found an ancient bone altar of Kikubaaqudgha.
   101 | D        | Found a hazy altar of Hepliaklqana.
   101 | D        | Found a stormy altar of Qazlal.
   101 | D        | Found a hide-covered altar of Uskayaw.
   101 | D        | Found a blossoming altar of Fedhas.
   101 | D        | Found a bloodstained altar of Trog.
   101 | D        | Found an iron altar of Okawaru.
   101 | D        | Found a basalt altar of Yredelemnul.
   101 | D        | Found a glowing golden altar of the Shining One.
   101 | D        | Found a snail-covered altar of Cheibriados.
   101 | D        | Found a sacrificial altar of Ru.
   101 | D        | Found a glowing silver altar of Zin.
   101 | D        | Found a shadowy altar of Dithmenos.
   101 | D        | Found a white marble altar of Elyvilon.
   101 | D        | Noticed a yak
   107 | D        | Killed a yak
   107 | D        | Reached skill level 8 in Armour
   109 | D        | Found an opulent altar of Gozag.
   151 | D        | Found a sparkling altar of Nemelex Xobeh.
   156 | D        | Became a worshipper of Gozag Ym Sagoz the Greedy
   175 | D        | Noticed Sonja
   207 | D        | Killed Sonja
   207 | D        | Reached skill level 10 in Armour
   207 | D        | Reached XP level 7. HP: 30/75 MP: 7/7
   207 | D        | Reached XP level 8. HP: 33/82 MP: 8/8
   252 | D        | Noticed a deep troll
   268 | D        | Mangled by a deep troll

Vault maps used:
D:        dungeon_sprint_1

Skill      XL: |  1  2  3  4  5  6 |
---------------+-------------------+-----
Fighting       | 3 4 6 8 |  8.5
Axes           | 3 5 7 9 |  9.8
Armour         | 4 6 7 10 | 10.2
Dodging        | 2 4 6 9 |  9.6
Shields        | |  3.2

Action                   |  1- 3 |  4- 6 |  7- 9 || total
-------------------------+-------+-------+-------++-------
Melee: War axe           |    19 |    34 |    10 ||    63
Invok: Potion Petition   |       |     1 |     1 ||     2
 Abil: Heal Wounds       |       |     3 |     5 ||     8
  Use: Potion            |     1 |     4 |       ||     5
Armor: Scale mail        |     7 |       |       ||     7
       Ring mail         |       |    26 |     7 ||    33
Dodge: Dodged            |     3 |    57 |    17 ||    77
